 Dungeon Crawl Stone Soup version 0.20-a0-269-g17f5411 (webtiles) character file.

222 KristoblXynda the Shield-Bearer (level 5, -1/45 HPs)
             Began as a Draconian Fighter on Dec 8, 2016.
             Was an Initiate of Gozag.
             Slain by a phantom (10 damage)
             ... on level 4 of the Dungeon.
             The game lasted 00:04:52 (2339 turns).

KristoblXynda the Shield-Bearer (Draconian Fighter) Turns: 2339, Time: 00:04:53

Health: -1/45      AC:  5    Str: 19    XL:     5   Next: 66%
Magic:  5/5        EV: 11    Int:  9    God:    Gozag
Gold:   203        SH: 10    Dex: 10    Spells: 4/4 levels left

rFire  . . .     SeeInvis +     a - +0 long sword
rCold  . . .     Gourm    .     (armour unavailable)
rNeg   . . .     Faith    .     b - +1 shield
rPois  .         Spirit   .     (helmet restricted)
rElec  .         Reflect  .     (no cloak)
rCorr  .         Harm     .     (no gloves)
MR     .....                    (no boots)
Stlth  +.........               (no amulet)
                                (no ring)
                                f - ring of see invisible

@: no status effects
A: unfitting armour, cold-blooded, AC +5
a: Potion Petition, Call Merchant, Bribe Branch, Renounce Religion


You were on level 4 of the Dungeon.
You worshipped Gozag.
Gozag was aware of your devotion.
You were not hungry.

You visited 1 branch of the dungeon, and saw 4 of its levels.

You collected 248 gold pieces.
You paid 45 gold pieces to Gozag.

Inventory:

Hand Weapons
 a - a +0 long sword (weapon)
Armour
 b - a +1 shield (worn)
Jewellery
 e - an uncursed amulet of the gourmand {unknown}
 f - a ring of see invisible (left hand)
Scrolls
 g - a scroll of recharging
Potions
 c - 2 potions of might
 j - a potion of degeneration {unknown}
 k - a potion of flight
 l - 2 potions of lignification {unknown}
 n - a potion of agility {unknown}
Comestibles
 d - a bread ration


   Skills:
 - Level 3.2 Fighting
 + Level 3.8 Long Blades
 + Level 4.0 Dodging
 + Level 4.3 Shields


You had 4 spell levels left.
You didn't know any spells.

Dungeon Overview and Level Annotations

Branches:
Dungeon (4/15)
 Temple: D:4-7

Altars:
Gozag
Xom


Innate Abilities, Weirdness & Mutations

Your plain brown scales are hard. (AC +5)
You cannot fit into any form of body armour.
You are cold-blooded and may be slowed by cold attacks.


Message History

5 gold pieces; a whip You miss the phantom.
The phantom is heavily damaged.
The phantom hits you.
The phantom blinks!
You hit the phantom.
The phantom is severely damaged.
The phantom blinks!
You hit the phantom.
You tail-slap the phantom, but do no damage.
The phantom is severely damaged.
The phantom hits you.
You barely miss the phantom.
The phantom is severely damaged.
The phantom hits you.
* * * LOW HITPOINT WARNING * * *
You barely miss the phantom.
The phantom is severely damaged.
The phantom hits you!
You die...
Your body crumbles into a pile of gold.

..... #..# #
#.(####.####.
#.....#......
+.....'......
#.....#...... #####
#..$.## ..###
##...########....# .#
#........#...@...# #
#........#...W>..# $
#........#.....^.#
##.....####.####+# ..#
##.....####.##...##...#
#..............)......#
#.....................#
#.....................#
#.....................#


You could see a phantom.

Vanquished Creatures
  An ogre (D:4)
  A worker ant (D:4)
  3 adders
  An adder zombie (D:4)
  An ooze (D:3)
  2 worms (D:2)
  3 dart slugs
  3 leopard geckos
  3 orcs
  8 bats
  3 giant cockroaches
  9 goblins
  6 hobgoblins
  7 jackals (D:2)
  3 kobolds (D:2)
  3 quokkas
  2 ball pythons
  4 frilled lizards
  4 rats
67 creatures vanquished.

Notes
Turn   | Place    | Note
-------+----------+-------------------------------------------
     0 | D:1      | KristoblXynda the Draconian Fighter began the quest for the Orb.
     0 | D:1      | Reached XP level 1. HP: 19/19 MP: 1/1
   139 | D:1      | Reached XP level 2. HP: 19/26 MP: 2/2
   412 | D:2      | Reached XP level 3. HP: 16/31 MP: 3/3
  1223 | D:3      | Reached XP level 4. HP: 38/38 MP: 4/4
  1233 | D:3      | Found a shimmering altar of Xom.
  1896 | D:3      | Found an opulent altar of Gozag.
  1995 | D:3      | Became a worshipper of Gozag Ym Sagoz the Greedy
  2040 | D:4      | Noticed an ogre
  2047 | D:4      | Killed an ogre
  2047 | D:4      | Reached XP level 5. HP: 45/45 MP: 5/5
  2288 | D:4      | Noticed a phantom
  2339 | D:4      | Slain by a phantom

Vault maps used:
D:1:      minmay_arrival_stone_box
D:3:      marbit_many_paths, old_standard_altar

Skill      XL: |  1  2  3  4  5 |
---------------+----------------+-----
Dodging        | 3 4 |  4.0
Long Blades    | 3 |  3.8
Shields        | 4 |  4.3
Fighting       | |  3.2

Action                   |  1- 3 |  4- 6 || total
-------------------------+-------+-------++-------
Melee: Long sword        |   147 |   104 ||   251
       Tailslap          |    17 |     8 ||    25
  Use: Scroll            |       |     4 ||     4
       Potion            |       |     1 ||     1
  Eat: Chunk             |     1 |     3 ||     4
       Bread ration      |       |     1 ||     1
Armor: Skin              |    60 |    21 ||    81
Dodge: Dodged            |    99 |    34 ||   133
Block: Shield            |    99 |    56 ||   155
       Rpst.: Long sword |    28 |    10 ||    38
